 Dungeon Crawl Stone Soup version 0.25.1-8-g42b30a86e7 (webtiles) character file.

Game seed: 4586920685848236198

36 JohnSpartan the Vexing (level 3, -2/31 HPs)
             Began as a Naga Arcane Marksman on Dec 18, 2020.
             Slain by a kobold
             ... wielding a +0 dagger
              (3 damage)
             ... on level 1 of the Dungeon on Dec 21, 2020.
             The game lasted 00:11:47 (1512 turns).

JohnSpartan the Vexing (Naga Arcane Marksman)       Turns: 1512, Time: 00:11:48

Health: -2/31      AC:  2    Str: 12    XL:     3   Next: 37%
Magic:  4/4        EV: 10    Int: 13    God:
Gold:   0          SH:  0    Dex: 12    Spells: 3/4 levels left

rFire    . . .     SeeInvis +   e - +0 club
rCold    . . .     Gourm    .   (no shield)
rNeg     . . .     Faith    .   a - +0 robe
rPois    +         Spirit   .   (no helmet)
rElec    .         Reflect  .   (no cloak)
rCorr    .         Harm     .   (no gloves)
MR       .....                  (no barding)
Stlth    ++........             (no amulet)
HPRegen  0.10/turn              (no ring)
MPRegen  0.09/turn              (no ring)

@: about to teleport, very slow
A: large, see invisible, deformed body, poison resistance, slowness 2, slow
metabolism 1, spit poison 1, AC +1
a: Spit Poison


You were on level 1 of the Dungeon.
You were very hungry.

You visited 1 branch of the dungeon, and saw 1 of its levels.

Inventory:

Hand Weapons
 e - a +0 club (weapon)
Missiles
 b - 22 bolts
 j - 2 stones (quivered)
Armour
 a - a +0 robe (worn)
 i - a +0 leather armour
Scrolls
 h - a scroll of fear {unknown}
Comestibles
 f - 2 rations


   Skills:
 + Level 1.2 Fighting
 + Level 0.2 Maces & Flails
 + Level 2.4 Throwing
 + Level 1.8 Dodging
 + Level 1.0 Stealth
 + Level 1.1 Spellcasting
 + Level 3.3 Hexes


You had 3 spell levels left.
You knew the following spells:

 Your Spells              Type           Power        Failure   Level  Hunger
a - Corona                Hex            #......      7%          1    ##.....

Your spell library contained the following spells:

 Spells                   Type           Power        Failure   Level  Hunger
 Slow                     Hex            #.......     11%         2    ###....
 Inner Flame              Hex/Fire       #.......     38%         3    ####...
 Portal Projectile        Hex/Tloc       #.....       38%         3    ####...
 Cause Fear               Hex            #.........   56%         4    #####..
 Leda's Liquefaction      Hex/Erth       #.........   80%         4    #####..


Dungeon Overview and Level Annotations

Branches:
Dungeon (1/15)

Altars:


Innate Abilities, Weirdness & Mutations

You cannot wear boots.
Your serpentine skin is tough. (AC +1)
You have supernaturally acute eyesight. (SInv)
Armour fits poorly on your strangely shaped body.
Your system is resistant to poisons. (rPois)
You cover ground very slowly.
You have a slow metabolism.
You can spit poison.


Message History

You throw a throwing net.
The throwing net barely misses the kobold.
The kobold hits you with a +0 dagger.
* * * LOW HITPOINT WARNING * * *
Throwing (i - inventory)
j - 3 stones (quivered)
Press: ? - help, Shift-Dir - straight line, f/p - kobold
Aim: a kobold, wielding a +0 dagger (moderately wounded)
You throw a stone.
The stone hits the kobold but does no damage.
The kobold is moderately wounded.
The kobold hits you with a +0 dagger.
* * * LOW HITPOINT WARNING * * *
The kobold hits you with a +0 dagger.
* * * LOW HITPOINT WARNING * * *
As you read the scroll labeled GIZIOCL RUOTS, it crumbles to dust.
You feel strangely unstable.
It was a scroll of teleportation.
The kobold hits you with a +0 dagger.
* * * LOW HITPOINT WARNING * * *
The kobold hits you with a +0 dagger.
You die...

#..##.#.....## #.##.#
##.......#.######.##.#
#....#...............#
#......##.................#
..######...)....#.........#
##.....>..#.........#
##.........#.........#
............######.##.#
...##.#####@### #.#..#
...##..# #.K.## #.#.## ...
#.## ###..###.#.# ..
##..##...# ### ##.####.#
#..# #.# ##(# ### #>###
#..(#


You could see a kobold.

Vanquished Creatures
  An ooze (D:1)
  A dart slug (D:1)
  3 leopard geckos (D:1)
  A ball python (D:1)
  A giant cockroach (D:1)
  2 goblins (D:1)
  3 hobgoblins (D:1)
  4 kobolds (D:1)
  4 bats (D:1)
  5 rats (D:1)
25 creatures vanquished.

Notes
Turn   | Place    | Note
-------+----------+-------------------------------------------
     0 | D:1      | JohnSpartan the Naga Arcane Marksman began the quest for
                  | the Orb.
     0 | D:1      | Reached XP level 1. HP: 18/18 MP: 2/2
   283 | D:1      | Reached XP level 2. HP: 25/25 MP: 3/3
  1068 | D:1      | Reached XP level 3. HP: 14/31 MP: 2/4
  1475 | D:1      | Reached skill level 1 in Stealth
  1511 | D:1      | HP: 1/31 [kobold/+0 dagger (3)]
  1512 | D:1      | Slain by a kobold

Illustrated notes

Levels and vault maps discovered:
D:1:      lemuel_arrival_behind_the_door_small, layout_rooms, minmay_vboxes

Skill      XL: |  1  2  3 |
---------------+----------+-----
Throwing       | 2 |  2.4
Stealth        | 1 |  1.0
Fighting       | |  1.2
Maces & Flails | |  0.2
Dodging        | |  1.8
Spellcasting   | |  1.1
Hexes          | |  3.3

Action                   || total
-------------------------++-------
Melee: Unarmed           ||     7
       Club              ||    83
Throw: Javelin           ||    20
       Throwing net      ||     2
       Stone             ||     1
 Cast: Corona            ||    10
 Abil: Spit Poison       ||     2
  Use: Scroll            ||     1
Armor: Robe              ||    26
Dodge: Dodged            ||    94
